 Dungeon Crawl Stone Soup version 0.23-a0-451-g1044d4c (webtiles) character file.

247 qvsushi the Skirmisher (level 5, -1/42 HPs)
             Began as a Demonspawn Abyssal Knight on Nov 23, 2018.
             Was a Believer of Lugonu.
             Slain by Purgy (5 damage)
             ... on level 4 of the Dungeon.
             The game lasted 00:12:28 (3797 turns).

qvsushi the Skirmisher (Demonspawn Abyssal Knight)  Turns: 3797, Time: 00:12:28

Health: -1/42      AC:  6    Str: 13    XL:     5   Next: 85%
Magic:  7/7        EV: 11    Int: 14    God:    Lugonu [**....]
Gold:   146        SH:  0    Dex: 14    Spells: 4/4 levels left

rFire    + . .     SeeInvis .   a - +1 spear
rCold    . . .     Gourm    .   (no shield)
rNeg     . . .     Faith    .   o - +0 ring mail (curse)
rPois    .         Spirit   .   i - +0 helmet
rElec    .         Reflect  .   (no cloak)
rCorr    .         Harm     .   (no gloves)
MR       .....                  (no boots)
Stlth    +.........             (no amulet)
HPRegen  0.54/turn              g - ring of protection from fire
MPRegen  0.10/turn              (no ring)

@: very slow
A: agile 1, high mp 1, nightstalker 1, powered by death 1, regeneration 1,
evolution 1, no potion heal 1
a: Depart the Abyss, Bend Space, Renounce Religion


You were on level 4 of the Dungeon.
You worshipped Lugonu.
Lugonu was pleased with you.
You were hungry.

You visited 1 branch of the dungeon, and saw 4 of its levels.
You visited the Abyss 1 time.
You also visited: Sewer.

You collected 146 gold pieces.

Inventory:

Hand Weapons
 a - a +1 spear (weapon)
Armour
 b - a +1 leather armour
 i - a +0 helmet (worn)
 o - a cursed +0 ring mail (worn)
 u - a +0 scale mail
Jewellery
 g - a ring of protection from fire (left hand)
 h - a cursed ring of attention
 p - an uncursed ring of fire
Wands
 n - a wand of flame (11)
Scrolls
 e - 5 scrolls of identify
 k - 2 scrolls of amnesia
 q - a scroll of teleportation
Potions
 d - a potion of flight
 f - 3 potions of curing
 j - a potion of haste
Comestibles
 c - 7 rations
 l - 5 chunks of flesh


   Skills:
 + Level 4.3 Fighting
 + Level 3.7 Polearms
 + Level 2.5 Armour
 + Level 1.8 Dodging
 + Level 1.2 Stealth
 + Level 2.4 Invocations


You had 4 spell levels left.
You didn't know any spells.
Your spell library was empty.

Dungeon Overview and Level Annotations

Branches:
Dungeon (4/15)
 Temple: D:4-7

Altars:
Trog
The Shining One

Annotations:
D:3 2 runed doors, zazu2006's ghost, amateur DDEE
D:4 Purgy


Innate Abilities, Weirdness & Mutations

You are slightly more attuned to the shadows.
You regenerate a little health from kills.
You are agile. (Dex +2)
You have an increased reservoir of magic. (+10% MP)
Your natural rate of healing is unusually fast.
You evolve.
Potions are less effective at restoring your health.


Message History

Purgy barely misses you. Purgy misses you.
Your unstable footing causes you to fumble your attack.
Your unstable footing causes you to fumble your attack.
Purgy bites you but does no damage. Purgy claws you but does no damage. x2
You completely miss Purgy. Purgy bites you.
* * * LOW HITPOINT WARNING * * *
Purgy barely misses you. Purgy claws you but does no damage.
You hit Purgy.
Purgy is lightly wounded.
Purgy misses you. Purgy claws you but does no damage. Purgy barely misses you.
You hit Purgy.
Purgy is lightly wounded.
Purgy bites you.
* * * LOW HITPOINT WARNING * * *
Purgy claws you.
* * * LOW HITPOINT WARNING * * *
Purgy misses you.
Your unstable footing causes you to fumble your attack.
Purgy bites you.
You die...

# .## #..# ##
######.......
#...........
#####..'######..
.......#≈≈≈≈≈#
###.#..#@≈≈≈≈#
#.#..#≈T.≈≈#
##.#..#≈≈≈≈≈#
..####.....#######
...............
#.#####.......##
#.....<.#######
#########


You could see Purgy.

Vanquished Creatures
  A big kobold (D:3)
  Ijyb (D:3)
  Natasha (D:2)
  A worker ant zombie (D:2)
  2 adders (D:2)
  An ooze (D:2)
  3 worms
  3 dart slugs
  3 leopard geckos
  5 orcs (D:3)
  3 ball pythons
  8 giant cockroaches
  6 goblins
  11 hobgoblins
  8 kobolds
  5 bats
  6 frilled lizards
  9 rats
77 creatures vanquished.

Notes
Turn   | Place    | Note
-------+----------+-------------------------------------------
     0 | Abyss:1  | qvsushi the Demonspawn Abyssal Knight began the quest for
                  | the Orb.
     0 | Abyss:1  | Reached XP level 1. HP: 18/18 MP: 2/2
     4 | Abyss:1  | Found a radiant altar of Vehumet.
     4 | Abyss:1  | Found an ornate altar of the Wu Jian Council.
     4 | Abyss:1  | Found a bloodstained altar of Trog.
     4 | Abyss:1  | Found a burning altar of Makhleb.
     4 | Abyss:1  | Found a snail-covered altar of Cheibriados.
     4 | Abyss:1  | Found a hazy altar of Hepliaklqana.
     4 | Abyss:1  | Found a deep blue altar of Sif Muna.
     4 | Abyss:1  | Found an opulent altar of Gozag.
     4 | Abyss:1  | Found a sparkling altar of Nemelex Xobeh.
     4 | Abyss:1  | Found an iron altar of Okawaru.
     6 | Abyss:1  | Found a shattered altar of Ashenzari.
     8 | Abyss:1  | Found an ancient bone altar of Kikubaaqudgha.
     8 | Abyss:1  | Found a glowing silver altar of Zin.
     8 | Abyss:1  | Found a stormy altar of Qazlal.
    10 | Abyss:1  | Found a basalt altar of Yredelemnul.
    10 | Abyss:1  | Found a glowing golden altar of the Shining One.
    10 | Abyss:1  | Found a blossoming altar of Fedhas.
    10 | Abyss:1  | Found a shadowy altar of Dithmenos.
    12 | Abyss:1  | Found a hide-covered altar of Uskayaw.
    12 | Abyss:1  | Found a shadowy altar of Dithmenos.
    12 | Abyss:1  | Found a white marble altar of Elyvilon.
    27 | Abyss:1  | Found a corrupted altar of Lugonu.
    78 | Abyss:1  | Noticed an eye of draining
    94 | D:1      | Escaped the Abyss
   170 | D:1      | Reached skill level 1 in Dodging
   194 | D:1      | Reached * piety under Lugonu
   276 | D:1      | Gained mutation: You regenerate a little health from kills.
                  | [demonic ancestry]
   276 | D:1      | Reached XP level 2. HP: 22/24 MP: 3/3
   757 | D:1      | Gained mutation: You are slightly more attuned to the
                  | shadows. [demonic ancestry]
   757 | D:1      | Reached XP level 3. HP: 30/30 MP: 4/4
  1428 | D:2      | Reached XP level 4. HP: 37/37 MP: 5/5
  1449 | D:2      | Reached ** piety under Lugonu
  1581 | D:2      | Found a bloodstained altar of Trog.
  2130 | D:2      | Noticed Natasha
  2138 | D:2      | Killed Natasha
  2354 | D:3      | Found a runed door.
  2359 | D:3      | Noticed zazu2006's ghost (amateur DDEE)
  2590 | D:3      | Noticed a big kobold
  2610 | D:3      | Killed a big kobold
  2610 | D:3      | Reached skill level 4 in Fighting
  2610 | D:3      | Reached skill level 1 in Stealth
  2610 | D:3      | Reached XP level 5. HP: 12/42 MP: 6/6
  2900 | D:3      | Noticed Ijyb
  2935 | D:3      | Killed Ijyb
  3035 | D:3      | Gained mutation: You have an increased reservoir of magic.
                  | (+10% MP) [potion of mutation]
  3035 | D:3      | Gained mutation: You expend magic power (3 MP) to
                  | strengthen your wands. [potion of mutation]
  3035 | D:3      | Gained mutation: You have sharp toenails. [potion of
                  | mutation]
  3037 | D:3      | Lost mutation: You have sharp toenails. [potion of
                  | mutation]
  3037 | D:3      | Lost mutation: You expend magic power (3 MP) to strengthen
                  | your wands. [potion of mutation]
  3037 | D:3      | Gained mutation: Potions are less effective at restoring
                  | your health. [potion of mutation]
  3037 | D:3      | Gained mutation: You evolve. [potion of mutation]
  3037 | D:3      | Gained mutation: You are agile. (Dex +2) [potion of
                  | mutation]
  3037 | D:3      | Gained mutation: Your natural rate of healing is unusually
                  | fast. [potion of mutation]
  3087 | D:3      | Found a runed door.
  3312 | D:3      | Found a glowing golden altar of the Shining One.
  3581 | D:4      | Found a glowing drain.
  3625 | Sewer    | Entered a sewer
  3725 | Sewer    | Noticed Purgy
  3797 | D:4      | Slain by Purgy

Vault maps used:
D:1:      wheals_arrival_shading
D:2:      minmay_diamond_boxcup, lemuel_statue_altar, uniq_natasha
D:3:      tso_oasis_becter, ebering_ghost_sewer_f, uniq_ijyb
D:4:      eat_drink_and_be_merry_uskayaw, portal_sewer_entry_c,
          minmay_misc_feat_iff, minmay_circle_x, uniq_blork_the_orc,
          uniq_duvessa
Sewer:    kennysheep_door_sewer

Skill      XL: |  1  2  3  4 |
---------------+-------------+-----
Dodging        | 1 |  1.8
Polearms       | 2 3 |  3.7
Armour         | 2 |  2.5
Fighting       | 4 |  4.3
Stealth        | 1 |  1.2
Invocations    | |  2.4

Action                   |  1- 3 |  4- 6 || total
-------------------------+-------+-------++-------
Melee: Spear             |   146 |   265 ||   411
Invok: Depart the Abyss  |     1 |       ||     1
       Bend Space        |       |     1 ||     1
  Use: Scroll            |     2 |     5 ||     7
       Potion            |     1 |    10 ||    11
 Stab: Sleeping          |     4 |     7 ||    11
  Eat: Chunk             |     2 |     7 ||     9
Armor: Leather armour    |    59 |       ||    59
       Ring mail         |     3 |   129 ||   132
Dodge: Dodged            |   104 |   183 ||   287

Table legend:
 A = Non-vault XP
 B = Vault XP
 C = Vault XP percentage of total XP
 D = Non-vault monster count
 E = Vault monster count
 F = Vault count percentage of total count
                 A         B        C        D         E       F
            +---------+---------+-------+---------+---------+-------
      Total |     258 |      96 |  27.1 |      62 |      15 |  19.5
            +---------+---------+-------+---------+---------+-------
        D:1 |      50 |       0 |   0.0 |      29 |       0 |   0.0
        D:2 |      72 |      50 |  41.0 |      15 |       7 |  31.8
        D:3 |     136 |      36 |  20.9 |      18 |       1 |   5.3
        D:4 |       0 |       8 | 100.0 |       0 |       5 | 100.0
      Sewer |       0 |       2 | 100.0 |       0 |       2 | 100.0
            +---------+---------+-------+---------+---------+-------
